Wild vs Blackhawks

Created - 27 novembre 2017 at 17:00

Goals
1 2 3 T
Wild 2 1 1 4
Blackhawks 0 0 0 0
Shots
1 2 3 T
Wild 13 5 21 39
Blackhawks 10 12 12 34

1st period

1. Wild , Adrian Kempe 1 (Brent Burns 12) at 4:52
2. Wild , Marcus Johansson 8 (Jack Eichel 15, Evgeny Kuznetsov 5) at 17:08 (PP)

Penalties :
Yanni Gourde (CHI) for Hooking (Minor) at 12:31, Alexander Steen (CHI) for Goalie Interference (Minor) at 16:57

2nd period

3. Wild , Brent Burns 3 (Jack Eichel 16, Marcus Johansson 11) at 8:12 (PP)

Penalties :
Andrew Shaw (CHI) for Slashing (Minor) at 4:46, Cam Atkinson (CHI) for High sticking (Minor) at 7:41, Zach Parise (CHI) for Slashing (Minor) at 8:03, Frederik Andersen (CHI) for Slashing (Double Minor) at 13:05 - Chris Kunitz served the penalty

3rd period

4. Wild , Evgeny Kuznetsov 9 (Jack Eichel 17, Marcus Johansson 12) at 15:02

Penalties :
Andy Greene (CHI) for Holding (Minor) at 19:26

Goalie Stats

Devan Dubnyk (MIW), 34 saves from 34 shots - (1,000), W, 10-8-1, 60:00 minutes
Frederik Andersen (CHI), 35 saves from 39 shots - (0,897), L, 6-9-4, 60:00 minutes

Players Stats for Wild

Player Name              G  A  P  +/- PIM S  H  SB GA TA FO     MP     PP MP  PK MP  
------------------------------------------------------------------------------------
Adam Lowry               0  0  0   1  0   2  1  1  0  0  10/18  16:44   4:21   0:00 
Adrian Kempe             1  0  1   1  0   3  2  0  1  0  1/1    16:44   4:21   0:00 
Brent Burns              1  1  2   1  0   4  0  0  1  1  0/2    19:46   6:57   0:00 
Chris Tierney            0  0  0   0  0   0  2  0  0  0  1/1     7:22   0:12   0:00 
Christian Dvorak         0  0  0   0  0   2  1  0  0  0  0/0     7:47   0:12   0:00 
Daniel Sedin             0  0  0   0  0   4  1  0  0  0  0/0    15:57   4:21   0:00 
Evgeny Kuznetsov         1  1  2   1  0   5  1  1  2  0  2/3    23:40   5:42   0:00 
Jack Eichel              0  3  3   1  0   3  1  0  0  0  20/39  23:47   5:49   0:00 
Joel Ward                0  0  0   0  0   0  0  0  0  0  0/2    12:18   0:47   0:00 
John Moore               0  0  0   0  0   1  2  2  0  0  0/0    21:04   3:47   0:00 
Jonas Brodin             0  0  0   1  0   0  0  0  0  0  0/0    11:19   0:10   0:00 
Kris Letang              0  0  0   1  0   2  3  2  3  0  0/0    27:00   6:57   0:00 
Marcus Johansson         1  2  3   1  0   11 3  2  1  1  2/4    23:40   5:42   0:00 
Martin Marincin          0  0  0   1  0   0  0  1  0  1  0/0    11:09   0:00   0:00 
Nikita Zadorov           0  0  0   1  0   0  2  0  0  0  0/0    20:27   0:20   0:00 
Ryan Hartman             0  0  0   0  0   1  0  0  1  0  0/0     7:55   0:52   0:00 
Ryan Suter               0  0  0   0  0   0  2  2  0  2  0/0    21:04   3:53   0:00 
William Nylander         0  0  0   0  0   1  1  2  1  2  0/3    12:17   0:47   0:00 

Players Stats for Blackhawks

Player Name              G  A  P  +/- PIM S  H  SB GA TA FO     MP     PP MP  PK MP  
------------------------------------------------------------------------------------
Alexander Steen          0  0  0   0  2   5  2  1  1  1  1/3    18:35   0:00   3:22 
Andrei Markov            0  0  0  -2  0   2  3  4  0  2  0/0    24:49   0:00   6:22 
Andrew Shaw              0  0  0  -1  2   2  2  0  0  0  3/7    13:41   0:00   2:40 
Andy Greene              0  0  0   0  2   0  1  0  0  1  0/0    20:52   0:00   4:12 
Brandon Davidson         0  0  0   0  0   0  1  2  0  0  0/0    14:18   0:00   0:28 
Cam Atkinson             0  0  0  -1  2   2  0  0  1  0  1/1    14:39   0:00   0:09 
Carl Hagelin             0  0  0  -1  0   0  0  0  1  0  0/0    13:39   0:00   2:37 
Chris Kunitz             0  0  0   0  0   0  1  0  0  0  0/0     8:57   0:00   1:06 
Derek Forbort            0  0  0   0  0   2  0  3  0  0  0/0    14:18   0:00   0:28 
Eric Staal               0  0  0  -1  0   3  1  0  0  0  10/22  15:34   0:00   1:03 
Henrik Zetterberg        0  0  0   0  0   2  0  0  1  2  15/30  21:43   0:00   6:03 
Johan Larsson            0  0  0   0  0   1  1  2  0  0  3/5     7:45   0:00   0:00 
Niklas Hjalmarsson       0  0  0   0  0   1  0  2  0  2  0/0    20:53   0:00   4:12 
Ryan Ellis               0  0  0  -2  0   3  0  2  1  2  0/0    24:49   0:00   6:22 
Sven Andrighetto         0  0  0   0  0   2  0  0  0  0  0/0     7:45   0:00   0:00 
Vladislav Namestnikov    0  0  0  -1  0   3  1  0  1  0  0/0    10:58   0:00   0:00 
Yanni Gourde             0  0  0   0  2   2  2  0  0  0  3/3    15:33   0:00   0:00 
Zach Parise              0  0  0  -1  2   4  3  0  1  0  1/2    19:55   0:00   4:54 

3 Stars

1 - Devan Dubnyk (MIW)
2 - Marcus Johansson (MIW)
3 - Evgeny Kuznetsov (MIW)

Power Play

Wild - 2 on 7 Attempt(s) - 28,57%
Blackhawks - 0 on 0 Attempt(s) - 0,00%

Penalty Kill

Wild - 0 on 0 Attempt(s) - 0,00% - Score 0 goal in Penalty Kill
Blackhawks - 5 on 7 Attempt(s) - 71,43% - Score 0 goal in Penalty Kill

Team Stat

Wild - Hits : 22 - Faceoff Wins : 36 - Blocked Shots : 13 - Penalty Minutes : 0
Blackhawks - Hits : 18 - Faceoff Wins : 37 - Blocked Shots : 16 - Penalty Minutes : 16

Official

Referees : Francois StLaurent and Dave Lewis
Linesman : Brad Lazarowich and Jonny Murray

Game Notes

No Game Note

Finance

Level 1 -- Attendance: 4353 (72,55%) -- Ticket Income 435 300 $
Level 2 -- Attendance: 4410 (88,20%) -- Ticket Income 264 600 $
Level 3 -- Attendance: 1835 (91,75%) -- Ticket Income 64 225 $
Level 4 -- Attendance: 4000 (100,00%) -- Ticket Income 80 000 $
Luxury Box -- Attendance: 772 (77,20%) -- Ticket Income 154 400 $
Game was played at the United Center.
Total Attendance: 15370 (85,39%)
Total Ticket Income: 998 525 $
Other Income: 489 277 $
Total Income: 1 487 802 $

Wild

5 vs 5 Forward 
   Center                   Left Wing                Right Wing               Time % Phy DF OF 
 1 Jack Eichel              Marcus Johansson         Evgeny Kuznetsov         40     1   2  2  
 2 Adam Lowry               Brent Burns              Adrian Kempe             30     1   2  2  
 3 William Nylander         Daniel Sedin             Joel Ward                20     1   2  2  
 4 Chris Tierney            Christian Dvorak         Ryan Hartman             10     1   2  2  

5 vs 5 Defense 
   Defense                  Defense                                           Time % Phy DF OF 
 1 Kris Letang              Nikita Zadorov                                    40     1   2  2  
 2 Ryan Suter               John Moore                                        35     1   2  2  
 3 Martin Marincin          Jonas Brodin                                      25     1   2  2  
 4 Martin Marincin          Brent Burns                                       0      1   2  2  

PowerPlay Forward 
   Center                   Left Wing                Right Wing               Time % Phy DF OF 
 1 Jack Eichel              Marcus Johansson         Evgeny Kuznetsov         60     1   2  2  
 2 Adam Lowry               Daniel Sedin             Adrian Kempe             40     1   2  2  

PowerPlay Defense
   Defense                  Defense                                           Time % Phy DF OF 
 1 Brent Burns              Kris Letang                                       60     1   2  2  
 2 Ryan Suter               John Moore                                        40     1   2  2  

Penalty Kill 4 Players Forward 
   Center                   Wing                     Time % Phy DF OF 
 1 Adam Lowry               Joel Ward                60     1   2  2  
 2 Chris Tierney            Brent Burns              40     1   2  2  

Penalty Kill 4 Players Defense
   Defense                  Defense                  Time % Phy DF OF 
 1 John Moore               Martin Marincin          60     1   2  2  
 2 Jonas Brodin             Nikita Zadorov           40     1   2  2  

Penalty Kill - 3 Players Forward 
   Forward                                           Time % Phy DF OF 
 1 Adam Lowry                                        60     1   2  2  
 2 Chris Tierney                                     40     1   2  2  

Penalty Kill - 3 Players Defense
   Defense                  Defense                  Time % Phy DF OF 
 1 Martin Marincin          Jonas Brodin             60     1   2  2  
 2 Nikita Zadorov           John Moore               40     1   2  2  

4 vs 4 Forward 
   Center                   Wing                     Time % Phy DF OF 
 1 Jack Eichel              Marcus Johansson         60     1   2  2  
 2 Evgeny Kuznetsov         Daniel Sedin             40     1   2  2  

4 vs 4 Defense
   Defense                  Defense                  Time % Phy DF OF 
 1 Brent Burns              Kris Letang              60     1   2  2  
 2 Ryan Suter               John Moore               40     1   2  2  

Last Minutes Offensive
   Center                   Left Wing                Right Wing               Defense                  Defense                  
   Jack Eichel              Marcus Johansson         Evgeny Kuznetsov         Brent Burns              Kris Letang              

Last Minutes Defensive
   Center                   Left Wing                Right Wing               Defense                  Defense                  
   Jack Eichel              Marcus Johansson         Evgeny Kuznetsov         Brent Burns              Kris Letang              

Goaltenders
Starting : Devan Dubnyk             
Backup : Anton Khudobin           

Extra Forwards
Normal : William Nylander, Joel Ward, Chris Tierney - PP : William Nylander, Joel Ward - PK : Chris Tierney
Extra Defensemen
Normal : Nikita Zadorov, Jonas Brodin, Martin Marincin - PP : Nikita Zadorov - PK : Jonas Brodin, Martin Marincin
Penalty Shots
Brent Burns, Jack Eichel, Marcus Johansson, Evgeny Kuznetsov, Daniel Sedin
Custom OT Lines Forwards
Brent Burns, Jack Eichel, Marcus Johansson, Evgeny Kuznetsov, Daniel Sedin, Adrian Kempe, Adam Lowry, William Nylander, Joel Ward, Chris Tierney
Custom OT Lines Defensemen
Brent Burns, Kris Letang, Ryan Suter, John Moore, Nikita Zadorov

Scratches
*salaire Wild* (Suspend), Lawson Crouse (Healthy), Andrej Nestrasil (Healthy), Frank Vatrano (Healthy), Scott Sabourin (Healthy)

Blackhawks

5 vs 5 Forward 
   Center                   Left Wing                Right Wing               Time % Phy DF OF 
 1 Eric Staal               Zach Parise              Cam Atkinson             35     0   1  4  
 2 Henrik Zetterberg        Alexander Steen          Yanni Gourde             35     0   1  4  
 3 Andrew Shaw              Vladislav Namestnikov    Carl Hagelin             20     1   1  3  
 4 Johan Larsson            Sven Andrighetto         Chris Kunitz             10     1   2  2  

5 vs 5 Defense 
   Defense                  Defense                                           Time % Phy DF OF 
 1 Andrei Markov            Ryan Ellis                                        37     0   2  3  
 2 Niklas Hjalmarsson       Andy Greene                                       34     0   3  2  
 3 Derek Forbort            Brandon Davidson                                  29     0   3  2  
 4 Andrei Markov            Ryan Ellis                                        0      1   2  2  

PowerPlay Forward 
   Center                   Left Wing                Right Wing               Time % Phy DF OF 
 1 Eric Staal               Zach Parise              Cam Atkinson             60     0   0  5  
 2 Henrik Zetterberg        Alexander Steen          Andrew Shaw              40     0   0  5  

PowerPlay Defense
   Defense                  Defense                                           Time % Phy DF OF 
 1 Andrei Markov            Ryan Ellis                                        60     0   0  5  
 2 Niklas Hjalmarsson       Andy Greene                                       40     0   0  5  

Penalty Kill 4 Players Forward 
   Center                   Wing                     Time % Phy DF OF 
 1 Henrik Zetterberg        Zach Parise              60     1   2  2  
 2 Andrew Shaw              Carl Hagelin             40     1   2  2  

Penalty Kill 4 Players Defense
   Defense                  Defense                  Time % Phy DF OF 
 1 Andrei Markov            Ryan Ellis               60     1   2  2  
 2 Niklas Hjalmarsson       Andy Greene              40     1   2  2  

Penalty Kill - 3 Players Forward 
   Forward                                           Time % Phy DF OF 
 1 Henrik Zetterberg                                 60     1   2  2  
 2 Zach Parise                                       40     1   2  2  

Penalty Kill - 3 Players Defense
   Defense                  Defense                  Time % Phy DF OF 
 1 Andrei Markov            Ryan Ellis               60     1   2  2  
 2 Niklas Hjalmarsson       Andy Greene              40     1   2  2  

4 vs 4 Forward 
   Center                   Wing                     Time % Phy DF OF 
 1 Henrik Zetterberg        Zach Parise              60     1   2  2  
 2 Andrew Shaw              Carl Hagelin             40     1   2  2  

4 vs 4 Defense
   Defense                  Defense                  Time % Phy DF OF 
 1 Andrei Markov            Ryan Ellis               60     1   2  2  
 2 Niklas Hjalmarsson       Andy Greene              40     1   2  2  

Last Minutes Offensive
   Center                   Left Wing                Right Wing               Defense                  Defense                  
   Henrik Zetterberg        Zach Parise              Andrew Shaw              Andrei Markov            Ryan Ellis               

Last Minutes Defensive
   Center                   Left Wing                Right Wing               Defense                  Defense                  
   Henrik Zetterberg        Zach Parise              Andrew Shaw              Andrei Markov            Ryan Ellis               

Goaltenders
Starting : Frederik Andersen        
Backup : Mike Condon              

Extra Forwards
Normal : Zach Parise, Chris Kunitz, Henrik Zetterberg - PP : Zach Parise, Chris Kunitz - PK : Henrik Zetterberg
Extra Defensemen
Normal : Derek Forbort, Brandon Davidson, Niklas Hjalmarsson - PP : Derek Forbort - PK : Brandon Davidson, Niklas Hjalmarsson
Penalty Shots
Henrik Zetterberg, Zach Parise, Andrew Shaw, Carl Hagelin, Chris Kunitz
Custom OT Lines Forwards
Henrik Zetterberg, Zach Parise, Andrew Shaw, Carl Hagelin, Chris Kunitz, Vladislav Namestnikov, Sven Andrighetto, Eric Staal, Yanni Gourde, Alexander Steen
Custom OT Lines Defensemen
Andrei Markov, Ryan Ellis, Niklas Hjalmarsson, Andy Greene, Derek Forbort

Scratches
Luke Kunin (Healthy), Tanner Glass (Healthy)

% Time on Ice - Wild

Lines # - Real PCT - Wanted PCT - Time Play
Normal Forward
1 - 37% - 40% - 17:58
2 - 25% - 30% - 12:23
3 - 23% - 20% - 11:27
4 - 15% - 10% - 7:10
Normal Defense
1 - 41% - 40% - 20:03
2 - 36% - 35% - 17:46
3 - 23% - 25% - 11:09
4 - 0% - 0% - 0:00
PP Forward
1 - 61% - 60% - 6:41
2 - 39% - 40% - 4:21
PP Defense
1 - 63% - 60% - 6:57
2 - 37% - 40% - 4:05
PK Forward
1 - 0% - 60%
2 - 0% - 40%
PK Defense
1 - 0% - 60%
2 - 0% - 40%
PK3 Forward
1 - 0% - 60%
2 - 0% - 40%
PK3 Defense
1 - 0% - 60%
2 - 0% - 40%
44 Forward
1 - 0% - 60%
2 - 0% - 40%
44 Defense
1 - 0% - 60%
2 - 0% - 40%
Last Minute Offensive  - 0:00
Last Minute Defensive  - 0:00
Total
Forward - 60:00
Defense - 60:00

% Time on Ice - Blackhawks

Lines # - Real PCT - Wanted PCT - Time Play
Normal Forward
1 - 31% - 35% - 15:07
2 - 31% - 35% - 15:08
3 - 22% - 20% - 10:58
4 - 16% - 10% - 7:45
Normal Defense
1 - 38% - 37% - 18:27
2 - 34% - 34% - 16:41
3 - 28% - 29% - 13:50
4 - 0% - 0% - 0:00
PP Forward
1 - 0% - 60%
2 - 0% - 40%
PP Defense
1 - 0% - 60%
2 - 0% - 40%
PK Forward
1 - 76% - 60% - 8:16
2 - 24% - 40% - 2:37
PK Defense
1 - 57% - 60% - 6:13
2 - 43% - 40% - 4:40
PK3 Forward
1 - 100% - 60% - 0:09
2 - 0% - 40% - 0:00
PK3 Defense
1 - 100% - 60% - 0:09
2 - 0% - 40% - 0:00
44 Forward
1 - 0% - 60%
2 - 0% - 40%
44 Defense
1 - 0% - 60%
2 - 0% - 40%
Last Minute Offensive  - 0:00
Last Minute Defensive  - 0:00
Total
Forward - 60:00
Defense - 60:00

Play by Play

1st period


0:01 of 1st period - Jack Eichel wins face-off versus Eric Staal in neutral zone.
0:33 of 1st period - Slapshot by Brent Burns.
0:33 of 1st period - Deflect By Adrian Kempe.
0:33 of 1st period - Shot Blocked by Niklas Hjalmarsson.
0:33 of 1st period - Puck is out of play.
0:34 of 1st period - Andrew Shaw wins face-off versus William Nylander in Blackhawks zone.
0:34 of 1st period - Andrew Shaw is hit by William Nylander.
1:33 of 1st period - Snap shot by Sven Andrighetto.
1:33 of 1st period - Shot Misses the Net.
1:51 of 1st period - Snap shot by Eric Staal.
1:51 of 1st period - Stopped by Devan Dubnyk without a rebound.
1:52 of 1st period - Jack Eichel wins face-off versus Henrik Zetterberg in Wild zone.
2:45 of 1st period - Slapshot by Vladislav Namestnikov.
2:45 of 1st period - Stopped by Devan Dubnyk with a rebound.
3:04 of 1st period - Slapshot by Ryan Ellis.
3:04 of 1st period - Shot Misses the Net.
3:18 of 1st period - Snap shot by Jack Eichel.
3:18 of 1st period - Stopped by Frederik Andersen without a rebound.
3:19 of 1st period - Yanni Gourde wins face-off versus Jack Eichel in Blackhawks zone.
3:19 of 1st period - Yanni Gourde is hit by Evgeny Kuznetsov.
4:30 of 1st period - Wrist shot by Daniel Sedin.
4:30 of 1st period - Stopped by Frederik Andersen without a rebound.
4:31 of 1st period - Jack Eichel wins face-off versus Johan Larsson in Blackhawks zone.
4:46 of 1st period - Slapshot by Jack Eichel.
4:46 of 1st period - Stopped by Frederik Andersen without a rebound.
4:47 of 1st period - Adrian Kempe wins face-off versus Eric Staal in Blackhawks zone.
4:52 of 1st period - Slapshot by Adrian Kempe.
4:52 of 1st period - Goal by Adrian Kempe - Wild : 1 - Blackhawks : 0.
4:53 of 1st period - Eric Staal wins face-off versus Jack Eichel in neutral zone.
6:46 of 1st period - Wrist shot by Christian Dvorak.
6:46 of 1st period - Shot Misses the Net.
6:48 of 1st period - Slapshot by Kris Letang.
6:48 of 1st period - Shot Blocked by Derek Forbort.
6:50 of 1st period - Snap shot by Chris Tierney.
6:50 of 1st period - Shot Blocked by Brandon Davidson.
7:04 of 1st period - Snap shot by Alexander Steen.
7:04 of 1st period - Stopped by Devan Dubnyk with a rebound.
7:06 of 1st period - Wrist shot by Henrik Zetterberg.
7:06 of 1st period - Shot Misses the Net.
7:28 of 1st period - Wrist shot by Daniel Sedin.
7:28 of 1st period - Shot Blocked by Niklas Hjalmarsson.
7:32 of 1st period - Wrist shot by Daniel Sedin.
7:32 of 1st period - Stopped by Frederik Andersen without a rebound.
7:33 of 1st period - Jack Eichel wins face-off versus Henrik Zetterberg in Blackhawks zone.
7:42 of 1st period - Wrist shot by Alexander Steen.
7:42 of 1st period - Stopped by Devan Dubnyk without a rebound.
7:43 of 1st period - Henrik Zetterberg wins face-off versus Jack Eichel in Wild zone.
7:46 of 1st period - Wrist shot by Alexander Steen.
7:46 of 1st period - Shot Blocked by Martin Marincin.
8:17 of 1st period - Slapshot by Jack Eichel.
8:17 of 1st period - Stopped by Frederik Andersen without a rebound.
8:18 of 1st period - Adam Lowry wins face-off versus Eric Staal in Blackhawks zone.
8:21 of 1st period - Snap shot by Brent Burns.
8:21 of 1st period - Shot Misses the Net.
8:43 of 1st period - Joel Ward is hit by Andrei Markov and loses puck.
9:08 of 1st period - Wrist shot by Marcus Johansson.
9:08 of 1st period - Stopped by Frederik Andersen with a rebound.
9:10 of 1st period - Slapshot by Nikita Zadorov.
9:10 of 1st period - Shot Blocked by Johan Larsson.
9:54 of 1st period - Zach Parise is hit by Nikita Zadorov.
10:06 of 1st period - Snap shot by Zach Parise.
10:06 of 1st period - Shot Misses the Net.
10:14 of 1st period - Martin Marincin is hit by Vladislav Namestnikov and loses puck.
11:10 of 1st period - Off-side.
11:11 of 1st period - Jack Eichel wins face-off versus Eric Staal in neutral zone.
11:36 of 1st period - Snap shot by Henrik Zetterberg.
11:36 of 1st period - Stopped by Devan Dubnyk without a rebound.
11:37 of 1st period - Henrik Zetterberg wins face-off versus Adam Lowry in Wild zone.
11:42 of 1st period - Slapshot by Alexander Steen.
11:42 of 1st period - Shot Misses the Net.
11:44 of 1st period - Snap shot by Alexander Steen.
11:44 of 1st period - Shot Blocked by Adam Lowry.
12:16 of 1st period - Slapshot by Zach Parise.
12:16 of 1st period - Stopped by Devan Dubnyk with a rebound.
12:28 of 1st period - Snap shot by Christian Dvorak.
12:28 of 1st period - Stopped by Frederik Andersen without a rebound.
12:29 of 1st period - Henrik Zetterberg wins face-off versus Adam Lowry in Blackhawks zone.
12:31 of 1st period - Minor Penalty to Yanni Gourde for Hooking.
12:32 of 1st period - Marcus Johansson wins face-off versus Henrik Zetterberg in Blackhawks zone.
12:32 of 1st period - Slapshot by Evgeny Kuznetsov.
12:32 of 1st period - Stopped by Frederik Andersen with a rebound.
12:58 of 1st period - Henrik Zetterberg is hit by Daniel Sedin and loses puck.
13:27 of 1st period - Carl Hagelin is hit by Jack Eichel and loses puck.
14:31 of 1st period - Penalty to Yanni Gourde is over, Yanni Gourde is back on ice.
14:32 of 1st period - Icing by Alexander Steen.
14:33 of 1st period - Henrik Zetterberg wins face-off versus Adam Lowry in Blackhawks zone.
14:48 of 1st period - Snap shot by Ryan Hartman.
14:48 of 1st period - Shot Misses the Net.
14:50 of 1st period - Wrist shot by Christian Dvorak.
14:50 of 1st period - Stopped by Frederik Andersen with a rebound.
14:52 of 1st period - Snap shot by Chris Tierney.
14:52 of 1st period - Shot Misses the Net.
15:04 of 1st period - Snap shot by Henrik Zetterberg.
15:04 of 1st period - Stopped by Devan Dubnyk without a rebound.
15:05 of 1st period - Andrew Shaw wins face-off versus William Nylander in Wild zone.
15:08 of 1st period - Snap shot by Vladislav Namestnikov.
15:08 of 1st period - Stopped by Devan Dubnyk with a rebound.
15:27 of 1st period - Ryan Ellis is hit by John Moore and loses puck.
15:34 of 1st period - Snap shot by Johan Larsson.
15:34 of 1st period - Stopped by Devan Dubnyk with a rebound.
15:54 of 1st period - Snap shot by Alexander Steen.
15:54 of 1st period - Stopped by Devan Dubnyk without a rebound.
15:55 of 1st period - Eric Staal wins face-off versus Jack Eichel in Wild zone.
15:58 of 1st period - Snap shot by Cam Atkinson.
15:58 of 1st period - Shot Misses the Net.
16:34 of 1st period - Slapshot by Zach Parise.
16:34 of 1st period - Shot Misses the Net.
16:57 of 1st period - Minor Penalty to Alexander Steen for Goalie Interference.
16:58 of 1st period - Jack Eichel wins face-off versus Henrik Zetterberg in Blackhawks zone.
17:08 of 1st period - Slapshot by Jack Eichel.
17:08 of 1st period - Deflect By Marcus Johansson.
17:08 of 1st period - Goal by Marcus Johansson - Wild : 2 - Blackhawks : 0.
17:09 of 1st period - Jack Eichel wins face-off versus Henrik Zetterberg in neutral zone.
17:18 of 1st period - Slapshot by Marcus Johansson.
17:18 of 1st period - Stopped by Frederik Andersen without a rebound.
17:19 of 1st period - Jack Eichel wins face-off versus Henrik Zetterberg in Blackhawks zone.
17:22 of 1st period - Snap shot by Marcus Johansson.
17:22 of 1st period - Stopped by Frederik Andersen without a rebound.
17:23 of 1st period - Henrik Zetterberg wins face-off versus Jack Eichel in Blackhawks zone.
17:27 of 1st period - Off-side.
17:28 of 1st period - Jack Eichel wins face-off versus Henrik Zetterberg in neutral zone.
18:14 of 1st period - Off-side.
18:15 of 1st period - Chris Tierney wins face-off versus Andrew Shaw in neutral zone.
18:40 of 1st period - Jack Eichel is hit by Alexander Steen and loses puck.
19:13 of 1st period - Snap shot by Zach Parise.
19:13 of 1st period - Shot Misses the Net.
19:57 of 1st period - Icing by Johan Larsson.
19:58 of 1st period - Jack Eichel wins face-off versus Johan Larsson in Blackhawks zone.
Goals for this period are 2 for Wild vs 0 for Blackhawks.
Shots for this period are 13 for Wild vs 10 for Blackhawks.

2nd period


0:01 of 2nd period - Henrik Zetterberg wins face-off versus Jack Eichel in neutral zone.
0:10 of 2nd period - Snap shot by Henrik Zetterberg.
0:10 of 2nd period - Shot Misses the Net.
0:12 of 2nd period - Snap shot by Yanni Gourde.
0:12 of 2nd period - Stopped by Devan Dubnyk without a rebound.
0:13 of 2nd period - Yanni Gourde wins face-off versus Jack Eichel in Wild zone.
0:50 of 2nd period - Slapshot by Eric Staal.
0:50 of 2nd period - Deflect By Zach Parise.
0:50 of 2nd period - Shot Misses the Net.
0:50 of 2nd period - Puck is out of play.
0:51 of 2nd period - Henrik Zetterberg wins face-off versus Joel Ward in Wild zone.
2:01 of 2nd period - Slapshot by Andrei Markov.
2:01 of 2nd period - Shot Misses the Net.
2:03 of 2nd period - Slapshot by Andrei Markov.
2:03 of 2nd period - Shot Blocked by Ryan Suter.
2:05 of 2nd period - Slapshot by Andrei Markov.
2:05 of 2nd period - Stopped by Devan Dubnyk with a rebound.
2:07 of 2nd period - Slapshot by Johan Larsson.
2:07 of 2nd period - Shot Blocked by John Moore.
2:59 of 2nd period - Slapshot by Alexander Steen.
2:59 of 2nd period - Shot Blocked by John Moore.
3:01 of 2nd period - Snap shot by Andy Greene.
3:01 of 2nd period - Shot Blocked by Evgeny Kuznetsov.
3:03 of 2nd period - Slapshot by Alexander Steen.
3:03 of 2nd period - Stopped by Devan Dubnyk with a rebound.
3:05 of 2nd period - Wrist shot by Yanni Gourde.
3:05 of 2nd period - Shot Misses the Net.
3:07 of 2nd period - Slapshot by Niklas Hjalmarsson.
3:07 of 2nd period - Shot Blocked by Ryan Suter.
3:09 of 2nd period - Wrist shot by Alexander Steen.
3:09 of 2nd period - Stopped by Devan Dubnyk with a rebound.
3:11 of 2nd period - Wrist shot by Yanni Gourde.
3:11 of 2nd period - Stopped by Devan Dubnyk without a rebound.
3:12 of 2nd period - Adam Lowry wins face-off versus Zach Parise in Wild zone.
4:46 of 2nd period - Minor Penalty to Andrew Shaw for Slashing.
4:47 of 2nd period - Jack Eichel wins face-off versus Henrik Zetterberg in Blackhawks zone.
5:17 of 2nd period - Off-side.
5:18 of 2nd period - Adam Lowry wins face-off versus Alexander Steen in neutral zone.
5:29 of 2nd period - Slapshot by Adrian Kempe.
5:29 of 2nd period - Shot Blocked by Alexander Steen.
5:31 of 2nd period - Wrist shot by Daniel Sedin.
5:31 of 2nd period - Stopped by Frederik Andersen without a rebound.
5:32 of 2nd period - Henrik Zetterberg wins face-off versus Marcus Johansson in Blackhawks zone.
5:45 of 2nd period - Zach Parise is hit by Marcus Johansson and loses puck.
6:13 of 2nd period - Alexander Steen is hit by Kris Letang.
6:27 of 2nd period - Snap shot by Adrian Kempe.
6:27 of 2nd period - Stopped by Frederik Andersen without a rebound.
6:28 of 2nd period - Alexander Steen wins face-off versus Jack Eichel in Blackhawks zone.
6:46 of 2nd period - Penalty to Andrew Shaw is over, Andrew Shaw is back on ice.
7:01 of 2nd period - Snap shot by Ryan Ellis.
7:01 of 2nd period - Stopped by Devan Dubnyk without a rebound.
7:02 of 2nd period - Evgeny Kuznetsov wins face-off versus Andrew Shaw in Wild zone.
7:02 of 2nd period - Evgeny Kuznetsov is hit by Andrew Shaw.
7:07 of 2nd period - Kris Letang is hit by Brandon Davidson and loses puck.
7:10 of 2nd period - Snap shot by Kris Letang.
7:10 of 2nd period - Stopped by Frederik Andersen without a rebound.
7:11 of 2nd period - Andrew Shaw wins face-off versus Jack Eichel in Blackhawks zone.
7:29 of 2nd period - Snap shot by Evgeny Kuznetsov.
7:29 of 2nd period - Shot Misses the Net.
7:37 of 2nd period - Wrist shot by Marcus Johansson.
7:37 of 2nd period - Deflect By Jack Eichel.
7:37 of 2nd period - Shot Misses the Net.
7:37 of 2nd period - Puck is out of play.
7:38 of 2nd period - Eric Staal wins face-off versus Brent Burns in Blackhawks zone.
7:38 of 2nd period - Eric Staal is hit by Adam Lowry.
7:41 of 2nd period - Minor Penalty to Cam Atkinson for High sticking.
7:42 of 2nd period - Henrik Zetterberg wins face-off versus Jack Eichel in Blackhawks zone.
7:52 of 2nd period - Henrik Zetterberg is hit by Marcus Johansson and loses puck.
8:03 of 2nd period - Minor Penalty to Zach Parise for Slashing.
8:04 of 2nd period - Evgeny Kuznetsov wins face-off versus Henrik Zetterberg in Blackhawks zone.
8:12 of 2nd period - Slapshot by Brent Burns.
8:12 of 2nd period - Goal by Brent Burns - Wild : 3 - Blackhawks : 0.
8:13 of 2nd period - Henrik Zetterberg wins face-off versus Jack Eichel in neutral zone.
8:18 of 2nd period - Slapshot by Andrei Markov.
8:18 of 2nd period - Shot Misses the Net.
8:24 of 2nd period - Andrei Markov is hit by Kris Letang and loses puck.
10:03 of 2nd period - Penalty to Zach Parise is over, Zach Parise is back on ice.
10:17 of 2nd period - Chris Tierney is hit by Zach Parise and loses puck.
11:27 of 2nd period - John Moore is hit by Yanni Gourde and loses puck.
11:46 of 2nd period - Snap shot by Sven Andrighetto.
11:46 of 2nd period - Shot Misses the Net.
11:48 of 2nd period - Slapshot by Niklas Hjalmarsson.
11:48 of 2nd period - Stopped by Devan Dubnyk without a rebound.
11:49 of 2nd period - Johan Larsson wins face-off versus Jack Eichel in Wild zone.
11:50 of 2nd period - Slapshot by Ryan Ellis.
11:50 of 2nd period - Stopped by Devan Dubnyk without a rebound.
11:51 of 2nd period - Johan Larsson wins face-off versus Jack Eichel in Wild zone.
11:54 of 2nd period - Snap shot by Sven Andrighetto.
11:54 of 2nd period - Stopped by Devan Dubnyk without a rebound.
11:55 of 2nd period - Jack Eichel wins face-off versus Eric Staal in Wild zone.
12:03 of 2nd period - Slapshot by Andrei Markov.
12:03 of 2nd period - Stopped by Devan Dubnyk with a rebound.
12:05 of 2nd period - Slapshot by Ryan Ellis.
12:05 of 2nd period - Deflect By Zach Parise.
12:05 of 2nd period - Stopped by Devan Dubnyk with a rebound.
12:07 of 2nd period - Snap shot by Cam Atkinson.
12:07 of 2nd period - Stopped by Devan Dubnyk with a rebound.
12:09 of 2nd period - Slapshot by Ryan Ellis.
12:09 of 2nd period - Shot Blocked by Marcus Johansson.
12:11 of 2nd period - Slapshot by Andrei Markov.
12:11 of 2nd period - Shot Misses the Net.
13:03 of 2nd period - Snap shot by Ryan Hartman.
13:03 of 2nd period - Shot Blocked by Johan Larsson.
13:05 of 2nd period - Slapshot by John Moore.
13:05 of 2nd period - Stopped by Frederik Andersen without a rebound.
13:05 of 2nd period - Double Minor Penalty to Frederik Andersen for Slashing.
13:06 of 2nd period - Zach Parise wins face-off versus Marcus Johansson in Blackhawks zone.
15:11 of 2nd period - Ryan Suter is hit by Zach Parise and loses puck.
15:18 of 2nd period - Andrei Markov is hit by Ryan Suter and loses puck.
15:51 of 2nd period - Brent Burns is hit by Andy Greene and loses puck.
17:05 of 2nd period - Penalty to Chris Kunitz is over, Chris Kunitz is back on ice.
17:30 of 2nd period - Johan Larsson is hit by Chris Tierney and loses puck.
18:05 of 2nd period - Evgeny Kuznetsov is hit by Andrew Shaw.
18:17 of 2nd period - Jonas Brodin is hit by Eric Staal and loses puck.
19:31 of 2nd period - Off-side.
19:32 of 2nd period - Johan Larsson wins face-off versus William Nylander in neutral zone.
19:39 of 2nd period - William Nylander is hit by Chris Kunitz and loses puck.
19:44 of 2nd period - Slapshot by Sven Andrighetto.
19:44 of 2nd period - Shot Misses the Net.
19:46 of 2nd period - Slapshot by Niklas Hjalmarsson.
19:46 of 2nd period - Deflect By Chris Kunitz.
19:46 of 2nd period - Shot Misses the Net.
19:46 of 2nd period - Puck is out of play.
19:47 of 2nd period - Jack Eichel wins face-off versus Henrik Zetterberg in Wild zone.
19:47 of 2nd period - Jack Eichel is hit by Andrei Markov.
Goals for this period are 1 for Wild vs 0 for Blackhawks.
Shots for this period are 5 for Wild vs 12 for Blackhawks.

3rd period


0:01 of 3rd period - Jack Eichel wins face-off versus Alexander Steen in neutral zone.
0:03 of 3rd period - Off-side.
0:04 of 3rd period - Henrik Zetterberg wins face-off versus Jack Eichel in neutral zone.
0:50 of 3rd period - Snap shot by Evgeny Kuznetsov.
0:50 of 3rd period - Stopped by Frederik Andersen without a rebound.
0:51 of 3rd period - Adam Lowry wins face-off versus Eric Staal in Blackhawks zone.
1:36 of 3rd period - Christian Dvorak is hit by Johan Larsson and loses puck.
2:17 of 3rd period - Snap shot by Jack Eichel.
2:17 of 3rd period - Shot Misses the Net.
2:33 of 3rd period - Slapshot by Carl Hagelin.
2:33 of 3rd period - Shot Blocked by William Nylander.
2:35 of 3rd period - Slapshot by Ryan Ellis.
2:35 of 3rd period - Stopped by Devan Dubnyk without a rebound.
2:36 of 3rd period - Eric Staal wins face-off versus Adam Lowry in Wild zone.
3:25 of 3rd period - Wrist shot by Daniel Sedin.
3:25 of 3rd period - Stopped by Frederik Andersen with a rebound.
3:41 of 3rd period - Sven Andrighetto is hit by Kris Letang.
3:47 of 3rd period - Ryan Ellis is hit by Christian Dvorak and loses puck.
4:03 of 3rd period - Off-side.
4:04 of 3rd period - Eric Staal wins face-off versus Adam Lowry in neutral zone.
4:06 of 3rd period - Off-side.
4:07 of 3rd period - Adam Lowry wins face-off versus Eric Staal in neutral zone.
4:10 of 3rd period - Snap shot by Adrian Kempe.
4:10 of 3rd period - Shot Misses the Net.
4:42 of 3rd period - Wrist shot by Marcus Johansson.
4:42 of 3rd period - Stopped by Frederik Andersen with a rebound.
5:00 of 3rd period - Wrist shot by Vladislav Namestnikov.
5:00 of 3rd period - Shot Misses the Net.
5:02 of 3rd period - Snap shot by Andrew Shaw.
5:02 of 3rd period - Stopped by Devan Dubnyk with a rebound.
5:39 of 3rd period - Icing by Andrei Markov.
5:40 of 3rd period - Eric Staal wins face-off versus Jack Eichel in Blackhawks zone.
5:53 of 3rd period - Snap shot by Eric Staal.
5:53 of 3rd period - Shot Misses the Net.
6:05 of 3rd period - Snap shot by Eric Staal.
6:05 of 3rd period - Stopped by Devan Dubnyk with a rebound.
6:25 of 3rd period - Wrist shot by Evgeny Kuznetsov.
6:25 of 3rd period - Stopped by Frederik Andersen without a rebound.
6:26 of 3rd period - Henrik Zetterberg wins face-off versus Adam Lowry in Blackhawks zone.
7:43 of 3rd period - Icing by Brent Burns.
7:44 of 3rd period - Adam Lowry wins face-off versus Andrew Shaw in Wild zone.
7:49 of 3rd period - Slapshot by Adrian Kempe.
7:49 of 3rd period - Shot Blocked by Ryan Ellis.
7:51 of 3rd period - Wrist shot by Ryan Suter.
7:51 of 3rd period - Shot Blocked by Andrei Markov.
7:53 of 3rd period - Snap shot by Evgeny Kuznetsov.
7:53 of 3rd period - Stopped by Frederik Andersen without a rebound.
7:54 of 3rd period - Jack Eichel wins face-off versus Henrik Zetterberg in Blackhawks zone.
7:55 of 3rd period - Wrist shot by Marcus Johansson.
7:55 of 3rd period - Shot Misses the Net.
8:31 of 3rd period - Snap shot by Marcus Johansson.
8:31 of 3rd period - Stopped by Frederik Andersen without a rebound.
8:32 of 3rd period - Adam Lowry wins face-off versus Eric Staal in Blackhawks zone.
8:33 of 3rd period - Slapshot by Kris Letang.
8:33 of 3rd period - Shot Blocked by Derek Forbort.
9:03 of 3rd period - Snap shot by Vladislav Namestnikov.
9:03 of 3rd period - Shot Misses the Net.
9:05 of 3rd period - Wrist shot by Vladislav Namestnikov.
9:05 of 3rd period - Shot Blocked by William Nylander.
9:30 of 3rd period - Snap shot by Chris Tierney.
9:30 of 3rd period - Deflect By Ryan Hartman.
9:30 of 3rd period - Stopped by Frederik Andersen without a rebound.
9:31 of 3rd period - Yanni Gourde wins face-off versus Evgeny Kuznetsov in Blackhawks zone.
9:40 of 3rd period - Snap shot by Marcus Johansson.
9:40 of 3rd period - Stopped by Frederik Andersen without a rebound.
9:41 of 3rd period - Henrik Zetterberg wins face-off versus Jack Eichel in Blackhawks zone.
9:52 of 3rd period - Slapshot by Evgeny Kuznetsov.
9:52 of 3rd period - Shot Blocked by Andrei Markov.
10:08 of 3rd period - John Moore is hit by Alexander Steen and loses puck.
10:23 of 3rd period - Wrist shot by Marcus Johansson.
10:23 of 3rd period - Stopped by Frederik Andersen with a rebound.
10:25 of 3rd period - Slapshot by John Moore.
10:25 of 3rd period - Shot Blocked by Andrei Markov.
10:27 of 3rd period - Snap shot by Marcus Johansson.
10:27 of 3rd period - Shot Blocked by Ryan Ellis.
10:29 of 3rd period - Snap shot by Jack Eichel.
10:29 of 3rd period - Shot Misses the Net.
10:31 of 3rd period - Slapshot by Marcus Johansson.
10:31 of 3rd period - Stopped by Frederik Andersen without a rebound.
10:32 of 3rd period - Eric Staal wins face-off versus Brent Burns in Blackhawks zone.
11:12 of 3rd period - Slapshot by Sven Andrighetto.
11:12 of 3rd period - Shot Blocked by Kris Letang.
11:28 of 3rd period - Snap shot by Brent Burns.
11:28 of 3rd period - Stopped by Frederik Andersen with a rebound.
11:37 of 3rd period - Icing by Derek Forbort.
11:38 of 3rd period - Jack Eichel wins face-off versus Andrew Shaw in Blackhawks zone.
11:55 of 3rd period - Carl Hagelin is hit by Marcus Johansson and loses puck.
12:02 of 3rd period - Slapshot by Derek Forbort.
12:02 of 3rd period - Stopped by Devan Dubnyk with a rebound.
12:04 of 3rd period - Slapshot by Derek Forbort.
12:04 of 3rd period - Stopped by Devan Dubnyk with a rebound.
12:06 of 3rd period - Snap shot by Andrew Shaw.
12:06 of 3rd period - Stopped by Devan Dubnyk without a rebound.
12:07 of 3rd period - Eric Staal wins face-off versus Joel Ward in Wild zone.
12:24 of 3rd period - Snap shot by Zach Parise.
12:24 of 3rd period - Stopped by Devan Dubnyk without a rebound.
12:25 of 3rd period - Marcus Johansson wins face-off versus Henrik Zetterberg in Wild zone.
12:25 of 3rd period - Marcus Johansson is hit by Yanni Gourde.
12:38 of 3rd period - Snap shot by Evgeny Kuznetsov.
12:38 of 3rd period - Shot Blocked by Andrei Markov.
12:40 of 3rd period - Slapshot by Marcus Johansson.
12:40 of 3rd period - Stopped by Frederik Andersen with a rebound.
12:52 of 3rd period - Kris Letang is hit by Andrei Markov and loses puck.
13:49 of 3rd period - Snap shot by Joel Ward.
13:49 of 3rd period - Shot Misses the Net.
13:51 of 3rd period - Slapshot by John Moore.
13:51 of 3rd period - Shot Misses the Net.
13:53 of 3rd period - Slapshot by Ryan Suter.
13:53 of 3rd period - Shot Misses the Net.
14:09 of 3rd period - Snap shot by William Nylander.
14:09 of 3rd period - Stopped by Frederik Andersen without a rebound.
14:10 of 3rd period - Jack Eichel wins face-off versus Eric Staal in Blackhawks zone.
14:23 of 3rd period - Slapshot by Marcus Johansson.
14:23 of 3rd period - Stopped by Frederik Andersen without a rebound.
14:24 of 3rd period - Eric Staal wins face-off versus Adam Lowry in Blackhawks zone.
14:24 of 3rd period - Eric Staal is hit by Adrian Kempe.
15:02 of 3rd period - Snap shot by Evgeny Kuznetsov.
15:02 of 3rd period - Goal by Evgeny Kuznetsov - Wild : 4 - Blackhawks : 0.
15:03 of 3rd period - Cam Atkinson wins face-off versus Jack Eichel in neutral zone.
15:06 of 3rd period - Slapshot by Andrei Markov.
15:06 of 3rd period - Deflect By Cam Atkinson.
15:06 of 3rd period - Stopped by Devan Dubnyk without a rebound.
15:07 of 3rd period - Eric Staal wins face-off versus Jack Eichel in Wild zone.
15:12 of 3rd period - Snap shot by Cam Atkinson.
15:12 of 3rd period - Shot Blocked by Kris Letang.
15:14 of 3rd period - Slapshot by Ryan Ellis.
15:14 of 3rd period - Shot Blocked by Marcus Johansson.
15:18 of 3rd period - Wrist shot by Cam Atkinson.
15:18 of 3rd period - Deflect By Eric Staal.
15:18 of 3rd period - Stopped by Devan Dubnyk without a rebound.
15:19 of 3rd period - Jack Eichel wins face-off versus Eric Staal in Wild zone.
15:30 of 3rd period - Evgeny Kuznetsov is hit by Zach Parise and loses puck.
15:37 of 3rd period - Zach Parise is hit by Nikita Zadorov and loses puck.
15:52 of 3rd period - Snap shot by Adam Lowry.
15:52 of 3rd period - Stopped by Frederik Andersen without a rebound.
15:53 of 3rd period - Adam Lowry wins face-off versus Henrik Zetterberg in Blackhawks zone.
16:00 of 3rd period - Snap shot by Brent Burns.
16:00 of 3rd period - Stopped by Frederik Andersen with a rebound.
16:02 of 3rd period - Snap shot by Adam Lowry.
16:02 of 3rd period - Shot Misses the Net.
16:04 of 3rd period - Wrist shot by Adrian Kempe.
16:04 of 3rd period - Stopped by Frederik Andersen with a rebound.
16:06 of 3rd period - Snap shot by Adam Lowry.
16:06 of 3rd period - Stopped by Frederik Andersen with a rebound.
16:08 of 3rd period - Slapshot by Martin Marincin.
16:08 of 3rd period - Shot Misses the Net.
16:44 of 3rd period - Wrist shot by Andrew Shaw.
16:44 of 3rd period - Shot Misses the Net.
16:48 of 3rd period - Slapshot by Carl Hagelin.
16:48 of 3rd period - Shot Misses the Net.
17:04 of 3rd period - Niklas Hjalmarsson is hit by Chris Tierney and loses puck.
17:31 of 3rd period - Snap shot by Sven Andrighetto.
17:31 of 3rd period - Stopped by Devan Dubnyk without a rebound.
17:32 of 3rd period - Henrik Zetterberg wins face-off versus Jack Eichel in Wild zone.
17:43 of 3rd period - Slapshot by Evgeny Kuznetsov.
17:43 of 3rd period - Shot Blocked by Derek Forbort.
17:47 of 3rd period - Snap shot by Jack Eichel.
17:47 of 3rd period - Shot Blocked by Brandon Davidson.
17:57 of 3rd period - Cam Atkinson is hit by John Moore and loses puck.
18:02 of 3rd period - Snap shot by Brent Burns.
18:02 of 3rd period - Stopped by Frederik Andersen without a rebound.
18:03 of 3rd period - Adam Lowry wins face-off versus Eric Staal in Blackhawks zone.
18:16 of 3rd period - Snap shot by Zach Parise.
18:16 of 3rd period - Stopped by Devan Dubnyk without a rebound.
18:17 of 3rd period - Jack Eichel wins face-off versus Henrik Zetterberg in Wild zone.
18:24 of 3rd period - Henrik Zetterberg is hit by Ryan Suter and loses puck.
19:13 of 3rd period - Snap shot by Vladislav Namestnikov.
19:13 of 3rd period - Stopped by Devan Dubnyk without a rebound.
19:14 of 3rd period - Adam Lowry wins face-off versus Eric Staal in Wild zone.
19:21 of 3rd period - Snap shot by Brent Burns.
19:21 of 3rd period - Shot Misses the Net.
19:23 of 3rd period - Snap shot by Kris Letang.
19:23 of 3rd period - Stopped by Frederik Andersen without a rebound.
19:24 of 3rd period - Henrik Zetterberg wins face-off versus Adam Lowry in Blackhawks zone.
19:26 of 3rd period - Minor Penalty to Andy Greene for Holding.
19:27 of 3rd period - Jack Eichel wins face-off versus Henrik Zetterberg in Blackhawks zone.
19:53 of 3rd period - Zach Parise is hit by Adrian Kempe and loses puck.
Goals for this period are 1 for Wild vs 0 for Blackhawks.
Shots for this period are 21 for Wild vs 12 for Blackhawks.